Map: Port Aleksander LE

Players

susanoo - Winner!

  • Race: Zerg Zerg
  • Spawn Location: 5:00

A.I. 1 (Medium)

  • Race: Zerg Zerg
  • Spawn Location: 11:00

VOD

Have the link to the VOD?

Description

Time

  • Played on: May 17, 2019, 4:37 a.m.
  • Length: 6:10
Show
View Real Time Build Order
Export as new Build Order

susanoo Zerg - Winner!

Build Orders: Pool First 

Get SALT Encoding   

  12  0:01  Drone  
  13  0:13  Overlord  
  13  0:18  Drone  
  14  0:31  Drone x2  
  16  0:39  Drone  
  17  0:47  Extractor, Drone  
  17  0:55  Spawning Pool  
  17  0:56  Drone  
  17  1:07  Drone  
  18  1:27  Hatchery, Drone  
  18  1:30  Drone  
  19  1:42  Zergling x2  
  20  1:47  Queen  
  20  1:52  Overlord  
  22  2:14  Metabolic Boost  
  22  2:16  Baneling Nest  
  22  2:21  Zergling x4  
  23  2:32  Zergling x2  
  24  2:40  Zergling x2  
  24  2:41  Zergling x2  
  24  2:42  Queen  
  28  2:48  Zergling x2  
  29  2:54  Zergling x2  
  30  3:04  Zergling x8  
  30  3:05  Zergling x2  
  35  3:13  Overlord  
  35  3:15  Zergling x2  
  36  3:35  Zergling x2  
  36  3:36  Zergling x6  
  36  3:38  Baneling x3  
  36  3:39  Baneling  
  36  3:40  Baneling  
  40  3:42  Baneling x2  
  40  3:47  Zergling x2  
  40  3:48  Zergling x4  
  43  3:49  Zergling x2  
  37  4:20  Zergling x6  
  37  4:21  Zergling x6  
  38  4:34  Zergling x8  
  38  4:35  Zergling x4  
  43  4:40  Zergling x2  
  37  4:53  Zergling x2  
  37  4:54  Zergling x2  
  37  5:06  Zergling x2  
  39  5:07  Zergling x6  
  39  5:08  Zergling x6  
  37  5:37  Zergling x8  
  37  5:38  Zergling x4  
  37  5:39  Zergling x2  
  43  5:46  Zergling x2  
  43  5:47  Zergling x4  
Show
View Real Time Build Order
Export as new Build Order

A.I. 1 (Medium) Zerg 

Build Orders: 1 Base Baneling Bust, Pool Only 

Get SALT Encoding   

  12  0:00  Drone  
  13  0:12  Overlord  
  13  0:18  Drone  
  14  0:30  Drone  
  14  0:33  Drone  
  16  0:44  Spawning Pool  
  16  0:46  Drone  
  16  0:50  Drone  
  16  0:53  Extractor  
  16  0:56  Drone  
  17  1:06  Overlord  
  17  1:31  Zergling x2  
  17  1:32  Queen  
  18  1:38  Drone  
  18  1:39  Roach Warren  
  20  1:40  Zergling x2  
  20  1:41  Extractor  
  20  1:49  Drone  
  21  2:00  Drone  
  22  2:17  Overlord  
  22  2:21  Roach  
  24  2:32  Roach  
  26  2:41  Roach  
  28  2:46  Overlord  
  28  2:49  Roach, Drone  
  31  2:57  Drone  
  32  3:08  Drone  
  32  3:11  Roach, Drone  
  36  3:14  Drone  
  36  3:19  Drone  
  38  3:30  Baneling Nest, Drone  
  38  3:31  Evolution Chamber  
  37  3:41  Overlord  
  37  3:42  Roach, Drone  
  40  4:14  Zergling x2  
  36  4:23  Roach  
  31  4:26  Queen  
  29  4:32  Roach  
  31  4:39  Drone  
  31  4:40  Roach  
  26  4:49  Zergling x2  
  26  4:50  Drone  
  26  5:03  Roach  
  28  5:16  Roach  
  30  5:23  Zergling x2  
  28  5:33  Zergling x2, Drone  
  25  5:40  Zergling x2  
  22  5:45  Drone  
  15  5:50  Drone  
Tags
 
Add a new tag
Caveats
  • Supply blocks, unpowered buildings, or Contaminate may cause inaccurate times.
  • Supply counts are checked every 10 seconds.